Workbook

Sheet CHAUSSON
N1: Stock initial
N2: Achats
B3: MARQUE | C3: MODELE | D3: ANNEE | E3: N° SERIE | F3: N° FACTURE ACHAT | G3: DATE FACTURE ACHAT | H3: PRIX ACHAT HT | I3: PROVISION 31/08/17 | J3: TRANSPORT | K3: RRR | L3: Sous traitance stock | M3: Stock prépa | N3: DATE VENTE OU STOCK | O3: MM | P3: CLIENT | Q3: N° FACTURE VENTE
A4: 1 | B4: CHAUSSON | C4: FLASH 628EB | D4: 2015 | F4: 0901 | G4: 42985 | H4: 10000 | N4: DECEMBRE | O4: =IF(N4="","",IFERROR(TEXT(MATCH(TRIM(N4),{"JANVIER";"FEVRIER";"MARS";"AVRIL";"MAI";"JUIN";"JUILLET";"AOUT";"SEPTEMBRE";"OCTOBRE";"NOVEMBRE";"DECEMBRE"},0),"00"),"")) -> 12 | P4: DUPOND | Q4: 75/1712/100007
A5: 2 | B5: CHAUSSON | C5: FLASH 718EB | D5: 2015 | F5: 0902 | G5: 42992 | H5: 20000 | N5: SEPTEMBRE | O5: =IF(N5="","",IFERROR(TEXT(MATCH(TRIM(N5),{"JANVIER";"FEVRIER";"MARS";"AVRIL";"MAI";"JUIN";"JUILLET";"AOUT";"SEPTEMBRE";"OCTOBRE";"NOVEMBRE";"DECEMBRE"},0),"00"),"")) -> 09 | P5: ARNAUD | Q5: 75/1711/100006
A6: 3 | B6: CHAUSSON | C6: WELCOME 628EB | D6: 2016 | F6: 0903 | G6: 43002 | H6: 10000 | N6: DECEMBRE | O6: =IF(N6="","",IFERROR(TEXT(MATCH(TRIM(N6),{"JANVIER";"FEVRIER";"MARS";"AVRIL";"MAI";"JUIN";"JUILLET";"AOUT";"SEPTEMBRE";"OCTOBRE";"NOVEMBRE";"DECEMBRE"},0),"00"),"")) -> 12 | P6: DUPONT | Q6: 75/1712/100008
A7: 4 | B7: CHAUSSON | C7: FASH 510 | D7: 2016 | F7: 1001 | G7: 43026 | H7: 10000 | N7: OCTOBRE | O7: =IF(N7="","",IFERROR(TEXT(MATCH(TRIM(N7),{"JANVIER";"FEVRIER";"MARS";"AVRIL";"MAI";"JUIN";"JUILLET";"AOUT";"SEPTEMBRE";"OCTOBRE";"NOVEMBRE";"DECEMBRE"},0),"00"),"")) -> 10 | P7: CECV | Q7: 75/1710/100004
A8: 5 | B8: CHAUSSON | C8: TITANIUM 718 | D8: 2016 | F8: 1002 | G8: 43031 | H8: 10000 | N8: STOCK | O8: =IF(N8="","",IFERROR(TEXT(MATCH(TRIM(N8),{"JANVIER";"FEVRIER";"MARS";"AVRIL";"MAI";"JUIN";"JUILLET";"AOUT";"SEPTEMBRE";"OCTOBRE";"NOVEMBRE";"DECEMBRE"},0),"00"),""))
A9: 6 | B9: CHAUSSON | C9: 718XLBFLA | D9: 2017 | F9: 1003 | G9: 43039 | H9: 10000 | N9: STOCK | O9: =IF(N9="","",IFERROR(TEXT(MATCH(TRIM(N9),{"JANVIER";"FEVRIER";"MARS";"AVRIL";"MAI";"JUIN";"JUILLET";"AOUT";"SEPTEMBRE";"OCTOBRE";"NOVEMBRE";"DECEMBRE"},0),"00"),""))
A10: 7 | B10: CHAUSSON | C10: 737 WELCOME | D10: 2017 | F10: 1201 | G10: 43074 | H10: 10000 | N10: NOVEMBRE | O10: =IF(N10="","",IFERROR(TEXT(MATCH(TRIM(N10),{"JANVIER";"FEVRIER";"MARS";"AVRIL";"MAI";"JUIN";"JUILLET";"AOUT";"SEPTEMBRE";"OCTOBRE";"NOVEMBRE";"DECEMBRE"},0),"00"),"")) -> 11 | P10: COCV 17 | Q10: 75/1711/100008
A11: 8 | B11: CHAUSSON | C11: 718 XLB | D11: 2017 | F11: 1202 | G11: 43074 | H11: 30000 | N11: JANVIER | O11: =IF(N11="","",IFERROR(TEXT(MATCH(TRIM(N11),{"JANVIER";"FEVRIER";"MARS";"AVRIL";"MAI";"JUIN";"JUILLET";"AOUT";"SEPTEMBRE";"OCTOBRE";"NOVEMBRE";"DECEMBRE"},0),"00"),"")) -> 01 | P11: ESPACE ET LIBERTE | Q11: 75/1710/100010
A12: 9 | B12: CHAUSSON | C12: 718XLBFLA | D12: 2017 | F12: 1203 | G12: 43073 | H12: 10000 | N12: NOVEMBRE | O12: =IF(N12="","",IFERROR(TEXT(MATCH(TRIM(N12),{"JANVIER";"FEVRIER";"MARS";"AVRIL";"MAI";"JUIN";"JUILLET";"AOUT";"SEPTEMBRE";"OCTOBRE";"NOVEMBRE";"DECEMBRE"},0),"00"),"")) -> 11 | P12: CECV | Q12: 75/1711/100007
A13: 10 | B13: CHAUSSON | C13: 610 KORUS | D13: 2017 | F13: 0101 | G13: 43112 | H13: 10000 | N13: STOCK | O13: =IF(N13="","",IFERROR(TEXT(MATCH(TRIM(N13),{"JANVIER";"FEVRIER";"MARS";"AVRIL";"MAI";"JUIN";"JUILLET";"AOUT";"SEPTEMBRE";"OCTOBRE";"NOVEMBRE";"DECEMBRE"},0),"00"),""))
A14: 11 | B14: CHAUSSON | C14: WELCOME 610 | F14: 0102 | G14: 43101 | H14: 10000 | N14: STOCK | O14: =IF(N14="","",IFERROR(TEXT(MATCH(TRIM(N14),{"JANVIER";"FEVRIER";"MARS";"AVRIL";"MAI";"JUIN";"JUILLET";"AOUT";"SEPTEMBRE";"OCTOBRE";"NOVEMBRE";"DECEMBRE"},0),"00"),""))
A15: 12 | B15: CHAUSSON | C15: TWIST V584 | D15: 2018 | F15: 0103 | G15: 43106 | H15: 10000 | N15: STOCK | O15: =IF(N15="","",IFERROR(TEXT(MATCH(TRIM(N15),{"JANVIER";"FEVRIER";"MARS";"AVRIL";"MAI";"JUIN";"JUILLET";"AOUT";"SEPTEMBRE";"OCTOBRE";"NOVEMBRE";"DECEMBRE"},0),"00"),""))
A16: 13 | B16: CHAUSSON | C16: 627GA | D16: 2018 | F16: 0104 | G16: 43121 | H16: 10000 | N16: STOCK | O16: =IF(N16="","",IFERROR(TEXT(MATCH(TRIM(N16),{"JANVIER";"FEVRIER";"MARS";"AVRIL";"MAI";"JUIN";"JUILLET";"AOUT";"SEPTEMBRE";"OCTOBRE";"NOVEMBRE";"DECEMBRE"},0),"00"),""))
A17: 14 | B17: CHAUSSON | C17: EXALTIS 7038XLB | D17: 2018 | F17: 0201 | G17: 43153 | H17: 10000 | N17: MARS | O17: =IF(N17="","",IFERROR(TEXT(MATCH(TRIM(N17),{"JANVIER";"FEVRIER";"MARS";"AVRIL";"MAI";"JUIN";"JUILLET";"AOUT";"SEPTEMBRE";"OCTOBRE";"NOVEMBRE";"DECEMBRE"},0),"00"),"")) -> 03 | P17: COCV 17 | Q17: 75/1803/100004
A18: 15 | B18: CHAUSSON | C18: 628EB | D18: 2018 | F18: 0301 | G18: 43183 | H18: 10000 | N18: STOCK | O18: =IF(N18="","",IFERROR(TEXT(MATCH(TRIM(N18),{"JANVIER";"FEVRIER";"MARS";"AVRIL";"MAI";"JUIN";"JUILLET";"AOUT";"SEPTEMBRE";"OCTOBRE";"NOVEMBRE";"DECEMBRE"},0),"00"),""))
A19: 16 | B19: CHAUSSON | C19: 610 | D19: 2018 | F19: 0302 | G19: 43177 | H19: 10000 | N19: STOCK | O19: =IF(N19="","",IFERROR(TEXT(MATCH(TRIM(N19),{"JANVIER";"FEVRIER";"MARS";"AVRIL";"MAI";"JUIN";"JUILLET";"AOUT";"SEPTEMBRE";"OCTOBRE";"NOVEMBRE";"DECEMBRE"},0),"00"),""))
A20: 17 | B20: CHAUSSON | C20: 640 WELCOME | D20: 2018 | F20: 0303 | G20: 43186 | H20: 10000 | N20: STOCK | O20: =IF(N20="","",IFERROR(TEXT(MATCH(TRIM(N20),{"JANVIER";"FEVRIER";"MARS";"AVRIL";"MAI";"JUIN";"JUILLET";"AOUT";"SEPTEMBRE";"OCTOBRE";"NOVEMBRE";"DECEMBRE"},0),"00"),""))
O21: =IF(N21="","",IFERROR(TEXT(MATCH(TRIM(N21),{"JANVIER";"FEVRIER";"MARS";"AVRIL";"MAI";"JUIN";"JUILLET";"AOUT";"SEPTEMBRE";"OCTOBRE";"NOVEMBRE";"DECEMBRE"},0),"00"),""))
B22: TOTAL ACHATS | H22: =SUM(H4:H21) -> 200000 | I22: =SUM(I21:I21) -> 0 | J22: =SUM(J21:J21) -> 0 | K22: =SUM(K21:K21) -> 0 | L22: =SUM(L21:L21) -> 0 | M22: =SUM(M21:M21) -> 0
B24: EN QUANTITES
B25: TYPE | C25: SI | D25: ACHATS | E25: VENTES | F25: SF | H25: =SUMIF(N4:N21,"STOCK",H4:H21) -> 90000
B26: CHAUSSON | C26: 0 | D26: =COUNTA(A4:A21) -> 17 | E26: =COUNTA(P4:P21) -> 8 | F26: =C26+D26-E26 -> 9

Sheet CONTROLE STOCK
A2: CONTROLE DES CAMPING-CARS CHAUSSON HT
A4: MOIS | B4: MM | C4: VENTES CLIENTS | F4: VENTES RETROCEDEES | I4: ACHATS
C6: PRIX DE VENTES HT VEHICULES | D6: PRIX ACHATS HT DES VEHICULES VENDUS | E6: NB | F6: PRIX DE VENTES HT VEHICULES | G6: PRIX ACHATS HT DES VEHICULES VENDUS | H6: NB | I6: PRIX ACHATS | J6: NB
A9: SEPTEMBRE | B9: =IF(A9="","",IFERROR(TEXT(MATCH(TRIM(A9),{"JANVIER";"FEVRIER";"MARS";"AVRIL";"MAI";"JUIN";"JUILLET";"AOUT";"SEPTEMBRE";"OCTOBRE";"NOVEMBRE";"DECEMBRE"},0),"00"),"")) -> 09 | D9: =SUMIFS(CHAUSSON!H$4:H$21,CHAUSSON!O$4:O$21,B9,CHAUSSON!P$4:P$21,NOT(CHAUSSON!P4:P21)="CECV") -> 0 | E9: =COUNTIF(CHAUSSON!O$4:O$21,B9) -> 1 | G9: =SUMIFS(CHAUSSON!H$4:H$21,CHAUSSON!O$4:O$21,B9,CHAUSSON!P$4:P$21,"CECV")+SUMIFS(CHAUSSON!H$4:H$21,CHAUSSON!O$4:O$21,B9,CHAUSSON!P$4:P$21,"COCV 17")+SUMIFS(CHAUSSON!H$4:H$21,CHAUSSON!O$4:O$21,B9,CHAUSSON!P$4:P$21,"COCV 16")+SUMIFS(CHAUSSON!H$4:H$21,CHAUSSON!O$4:O$21,B9,CHAUSSON!P$4:P$21,"COCV LOISIRS")+SUMIFS(CHAUSSON!H$4:H$21,CHAUSSON!O$4:O$21,B9,CHAUSSON!P$4:P$21,"OUEST EVASION")+SUMIFS(CHAUSSON!H$4:H$21,CHAUSSON!O$4:O$21,B9,CHAUSSON!P$4:P$21,"ESPACE ET LIBERTE") -> 0 | H9: =COUNTIFS(CHAUSSON!O$4:O$21,B9,CHAUSSON!P$4:P$21,"CECV")+COUNTIFS(CHAUSSON!O$4:O$21,B9,CHAUSSON!P$4:P$21,"COCV 17")+COUNTIFS(CHAUSSON!O$4:O$21,B9,CHAUSSON!P$4:P$21,"COCV 16")+COUNTIFS(CHAUSSON!O$4:O$21,B9,CHAUSSON!P$4:P$21,"COCV LOISIRS")+COUNTIFS(CHAUSSON!O$4:O$21,B9,CHAUSSON!P$4:P$21,"OUEST EVASION")+COUNTIFS(CHAUSSON!O$4:O$21,B9,CHAUSSON!P$4:P$21,"ESPACE ET LIBERTE") -> 0 | I9: =SUMIF(CHAUSSON!F$4:F$21,B9&"*",CHAUSSON!H$4:H$21) -> 40000 | J9: =COUNTIF(CHAUSSON!F$4:F$21,B9&"*") -> 3 | L9: TOUT SAUF :
A10: OCTOBRE | B10: =IF(A10="","",IFERROR(TEXT(MATCH(TRIM(A10),{"JANVIER";"FEVRIER";"MARS";"AVRIL";"MAI";"JUIN";"JUILLET";"AOUT";"SEPTEMBRE";"OCTOBRE";"NOVEMBRE";"DECEMBRE"},0),"00"),"")) -> 10 | D10: =SUMIFS(CHAUSSON!H$4:H$21,CHAUSSON!O$4:O$21,B10,CHAUSSON!P$4:P$21,NOT(CHAUSSON!P5:P22)="CECV") -> 0 | E10: =COUNTIF(CHAUSSON!O$4:O$21,B10) -> 1 | G10: =SUMIFS(CHAUSSON!H$4:H$21,CHAUSSON!O$4:O$21,B10,CHAUSSON!P$4:P$21,"CECV")+SUMIFS(CHAUSSON!H$4:H$21,CHAUSSON!O$4:O$21,B10,CHAUSSON!P$4:P$21,"COCV 17")+SUMIFS(CHAUSSON!H$4:H$21,CHAUSSON!O$4:O$21,B10,CHAUSSON!P$4:P$21,"COCV 16")+SUMIFS(CHAUSSON!H$4:H$21,CHAUSSON!O$4:O$21,B10,CHAUSSON!P$4:P$21,"COCV LOISIRS")+SUMIFS(CHAUSSON!H$4:H$21,CHAUSSON!O$4:O$21,B10,CHAUSSON!P$4:P$21,"OUEST EVASION")+SUMIFS(CHAUSSON!H$4:H$21,CHAUSSON!O$4:O$21,B10,CHAUSSON!P$4:P$21,"ESPACE ET LIBERTE") -> 10000 | H10: =COUNTIFS(CHAUSSON!O$4:O$21,B10,CHAUSSON!P$4:P$21,"CECV")+COUNTIFS(CHAUSSON!O$4:O$21,B10,CHAUSSON!P$4:P$21,"COCV 17")+COUNTIFS(CHAUSSON!O$4:O$21,B10,CHAUSSON!P$4:P$21,"COCV 16")+COUNTIFS(CHAUSSON!O$4:O$21,B10,CHAUSSON!P$4:P$21,"COCV LOISIRS")+COUNTIFS(CHAUSSON!O$4:O$21,B10,CHAUSSON!P$4:P$21,"OUEST EVASION")+COUNTIFS(CHAUSSON!O$4:O$21,B10,CHAUSSON!P$4:P$21,"ESPACE ET LIBERTE") -> 1 | I10: =SUMIF(CHAUSSON!F$4:F$21,B10&"*",CHAUSSON!H$4:H$21) -> 30000 | J10: =COUNTIF(CHAUSSON!F$4:F$21,B10&"*") -> 3 | L10: CECV
A11: NOVEMBRE | B11: =IF(A11="","",IFERROR(TEXT(MATCH(TRIM(A11),{"JANVIER";"FEVRIER";"MARS";"AVRIL";"MAI";"JUIN";"JUILLET";"AOUT";"SEPTEMBRE";"OCTOBRE";"NOVEMBRE";"DECEMBRE"},0),"00"),"")) -> 11 | D11: =SUMIFS(CHAUSSON!H$4:H$21,CHAUSSON!O$4:O$21,B11,CHAUSSON!P$4:P$21,NOT(CHAUSSON!P6:P23)="CECV") -> 0 | E11: =COUNTIF(CHAUSSON!O$4:O$21,B11) -> 2 | G11: =SUMIFS(CHAUSSON!H$4:H$21,CHAUSSON!O$4:O$21,B11,CHAUSSON!P$4:P$21,"CECV")+SUMIFS(CHAUSSON!H$4:H$21,CHAUSSON!O$4:O$21,B11,CHAUSSON!P$4:P$21,"COCV 17")+SUMIFS(CHAUSSON!H$4:H$21,CHAUSSON!O$4:O$21,B11,CHAUSSON!P$4:P$21,"COCV 16")+SUMIFS(CHAUSSON!H$4:H$21,CHAUSSON!O$4:O$21,B11,CHAUSSON!P$4:P$21,"COCV LOISIRS")+SUMIFS(CHAUSSON!H$4:H$21,CHAUSSON!O$4:O$21,B11,CHAUSSON!P$4:P$21,"OUEST EVASION")+SUMIFS(CHAUSSON!H$4:H$21,CHAUSSON!O$4:O$21,B11,CHAUSSON!P$4:P$21,"ESPACE ET LIBERTE") -> 20000 | H11: =COUNTIFS(CHAUSSON!O$4:O$21,B11,CHAUSSON!P$4:P$21,"CECV")+COUNTIFS(CHAUSSON!O$4:O$21,B11,CHAUSSON!P$4:P$21,"COCV 17")+COUNTIFS(CHAUSSON!O$4:O$21,B11,CHAUSSON!P$4:P$21,"COCV 16")+COUNTIFS(CHAUSSON!O$4:O$21,B11,CHAUSSON!P$4:P$21,"COCV LOISIRS")+COUNTIFS(CHAUSSON!O$4:O$21,B11,CHAUSSON!P$4:P$21,"OUEST EVASION")+COUNTIFS(CHAUSSON!O$4:O$21,B11,CHAUSSON!P$4:P$21,"ESPACE ET LIBERTE") -> 2 | I11: =SUMIF(CHAUSSON!F$4:F$21,B11&"*",CHAUSSON!H$4:H$21) -> 0 | J11: =COUNTIF(CHAUSSON!F$4:F$21,B11&"*") -> 0 | L11: COCV 17
A12: DECEMBRE | B12: =IF(A12="","",IFERROR(TEXT(MATCH(TRIM(A12),{"JANVIER";"FEVRIER";"MARS";"AVRIL";"MAI";"JUIN";"JUILLET";"AOUT";"SEPTEMBRE";"OCTOBRE";"NOVEMBRE";"DECEMBRE"},0),"00"),"")) -> 12 | D12: =SUMIFS(CHAUSSON!H$4:H$21,CHAUSSON!O$4:O$21,B12,CHAUSSON!P$4:P$21,NOT(CHAUSSON!P7:P24)="CECV") -> 0 | E12: =COUNTIF(CHAUSSON!O$4:O$21,B12) -> 2 | G12: =SUMIFS(CHAUSSON!H$4:H$21,CHAUSSON!O$4:O$21,B12,CHAUSSON!P$4:P$21,"CECV")+SUMIFS(CHAUSSON!H$4:H$21,CHAUSSON!O$4:O$21,B12,CHAUSSON!P$4:P$21,"COCV 17")+SUMIFS(CHAUSSON!H$4:H$21,CHAUSSON!O$4:O$21,B12,CHAUSSON!P$4:P$21,"COCV 16")+SUMIFS(CHAUSSON!H$4:H$21,CHAUSSON!O$4:O$21,B12,CHAUSSON!P$4:P$21,"COCV LOISIRS")+SUMIFS(CHAUSSON!H$4:H$21,CHAUSSON!O$4:O$21,B12,CHAUSSON!P$4:P$21,"OUEST EVASION")+SUMIFS(CHAUSSON!H$4:H$21,CHAUSSON!O$4:O$21,B12,CHAUSSON!P$4:P$21,"ESPACE ET LIBERTE") -> 0 | H12: =COUNTIFS(CHAUSSON!O$4:O$21,B12,CHAUSSON!P$4:P$21,"CECV")+COUNTIFS(CHAUSSON!O$4:O$21,B12,CHAUSSON!P$4:P$21,"COCV 17")+COUNTIFS(CHAUSSON!O$4:O$21,B12,CHAUSSON!P$4:P$21,"COCV 16")+COUNTIFS(CHAUSSON!O$4:O$21,B12,CHAUSSON!P$4:P$21,"COCV LOISIRS")+COUNTIFS(CHAUSSON!O$4:O$21,B12,CHAUSSON!P$4:P$21,"OUEST EVASION")+COUNTIFS(CHAUSSON!O$4:O$21,B12,CHAUSSON!P$4:P$21,"ESPACE ET LIBERTE") -> 0 | I12: =SUMIF(CHAUSSON!F$4:F$21,B12&"*",CHAUSSON!H$4:H$21) -> 50000 | J12: =COUNTIF(CHAUSSON!F$4:F$21,B12&"*") -> 3 | L12: COCV 16
A13: JANVIER | B13: =IF(A13="","",IFERROR(TEXT(MATCH(TRIM(A13),{"JANVIER";"FEVRIER";"MARS";"AVRIL";"MAI";"JUIN";"JUILLET";"AOUT";"SEPTEMBRE";"OCTOBRE";"NOVEMBRE";"DECEMBRE"},0),"00"),"")) -> 01 | D13: =SUMIFS(CHAUSSON!H$4:H$21,CHAUSSON!O$4:O$21,B13,CHAUSSON!P$4:P$21,NOT(CHAUSSON!P8:P25)="CECV") -> 0 | E13: =COUNTIF(CHAUSSON!O$4:O$21,B13) -> 1 | G13: =SUMIFS(CHAUSSON!H$4:H$21,CHAUSSON!O$4:O$21,B13,CHAUSSON!P$4:P$21,"CECV")+SUMIFS(CHAUSSON!H$4:H$21,CHAUSSON!O$4:O$21,B13,CHAUSSON!P$4:P$21,"COCV 17")+SUMIFS(CHAUSSON!H$4:H$21,CHAUSSON!O$4:O$21,B13,CHAUSSON!P$4:P$21,"COCV 16")+SUMIFS(CHAUSSON!H$4:H$21,CHAUSSON!O$4:O$21,B13,CHAUSSON!P$4:P$21,"COCV LOISIRS")+SUMIFS(CHAUSSON!H$4:H$21,CHAUSSON!O$4:O$21,B13,CHAUSSON!P$4:P$21,"OUEST EVASION")+SUMIFS(CHAUSSON!H$4:H$21,CHAUSSON!O$4:O$21,B13,CHAUSSON!P$4:P$21,"ESPACE ET LIBERTE") -> 30000 | H13: =COUNTIFS(CHAUSSON!O$4:O$21,B13,CHAUSSON!P$4:P$21,"CECV")+COUNTIFS(CHAUSSON!O$4:O$21,B13,CHAUSSON!P$4:P$21,"COCV 17")+COUNTIFS(CHAUSSON!O$4:O$21,B13,CHAUSSON!P$4:P$21,"COCV 16")+COUNTIFS(CHAUSSON!O$4:O$21,B13,CHAUSSON!P$4:P$21,"COCV LOISIRS")+COUNTIFS(CHAUSSON!O$4:O$21,B13,CHAUSSON!P$4:P$21,"OUEST EVASION")+COUNTIFS(CHAUSSON!O$4:O$21,B13,CHAUSSON!P$4:P$21,"ESPACE ET LIBERTE") -> 1 | I13: =SUMIF(CHAUSSON!F$4:F$21,B13&"*",CHAUSSON!H$4:H$21) -> 40000 | J13: =COUNTIF(CHAUSSON!F$4:F$21,B13&"*") -> 4 | L13: COCV LOISIRS
A14: FEVRIER | B14: =IF(A14="","",IFERROR(TEXT(MATCH(TRIM(A14),{"JANVIER";"FEVRIER";"MARS";"AVRIL";"MAI";"JUIN";"JUILLET";"AOUT";"SEPTEMBRE";"OCTOBRE";"NOVEMBRE";"DECEMBRE"},0),"00"),"")) -> 02 | D14: =SUMIFS(CHAUSSON!H$4:H$21,CHAUSSON!O$4:O$21,B14,CHAUSSON!P$4:P$21,NOT(CHAUSSON!P9:P26)="CECV") -> 0 | E14: =COUNTIF(CHAUSSON!O$4:O$21,B14) -> 0 | G14: =SUMIFS(CHAUSSON!H$4:H$21,CHAUSSON!O$4:O$21,B14,CHAUSSON!P$4:P$21,"CECV")+SUMIFS(CHAUSSON!H$4:H$21,CHAUSSON!O$4:O$21,B14,CHAUSSON!P$4:P$21,"COCV 17")+SUMIFS(CHAUSSON!H$4:H$21,CHAUSSON!O$4:O$21,B14,CHAUSSON!P$4:P$21,"COCV 16")+SUMIFS(CHAUSSON!H$4:H$21,CHAUSSON!O$4:O$21,B14,CHAUSSON!P$4:P$21,"COCV LOISIRS")+SUMIFS(CHAUSSON!H$4:H$21,CHAUSSON!O$4:O$21,B14,CHAUSSON!P$4:P$21,"OUEST EVASION")+SUMIFS(CHAUSSON!H$4:H$21,CHAUSSON!O$4:O$21,B14,CHAUSSON!P$4:P$21,"ESPACE ET LIBERTE") -> 0 | H14: =COUNTIFS(CHAUSSON!O$4:O$21,B14,CHAUSSON!P$4:P$21,"CECV")+COUNTIFS(CHAUSSON!O$4:O$21,B14,CHAUSSON!P$4:P$21,"COCV 17")+COUNTIFS(CHAUSSON!O$4:O$21,B14,CHAUSSON!P$4:P$21,"COCV 16")+COUNTIFS(CHAUSSON!O$4:O$21,B14,CHAUSSON!P$4:P$21,"COCV LOISIRS")+COUNTIFS(CHAUSSON!O$4:O$21,B14,CHAUSSON!P$4:P$21,"OUEST EVASION")+COUNTIFS(CHAUSSON!O$4:O$21,B14,CHAUSSON!P$4:P$21,"ESPACE ET LIBERTE") -> 0 | I14: =SUMIF(CHAUSSON!F$4:F$21,B14&"*",CHAUSSON!H$4:H$21) -> 10000 | J14: =COUNTIF(CHAUSSON!F$4:F$21,B14&"*") -> 1 | L14: OUEST EVASION
A15: MARS | B15: =IF(A15="","",IFERROR(TEXT(MATCH(TRIM(A15),{"JANVIER";"FEVRIER";"MARS";"AVRIL";"MAI";"JUIN";"JUILLET";"AOUT";"SEPTEMBRE";"OCTOBRE";"NOVEMBRE";"DECEMBRE"},0),"00"),"")) -> 03 | D15: =SUMIFS(CHAUSSON!H$4:H$21,CHAUSSON!O$4:O$21,B15,CHAUSSON!P$4:P$21,NOT(CHAUSSON!P10:P27)="CECV") -> 0 | E15: =COUNTIF(CHAUSSON!O$4:O$21,B15) -> 1 | G15: =SUMIFS(CHAUSSON!H$4:H$21,CHAUSSON!O$4:O$21,B15,CHAUSSON!P$4:P$21,"CECV")+SUMIFS(CHAUSSON!H$4:H$21,CHAUSSON!O$4:O$21,B15,CHAUSSON!P$4:P$21,"COCV 17")+SUMIFS(CHAUSSON!H$4:H$21,CHAUSSON!O$4:O$21,B15,CHAUSSON!P$4:P$21,"COCV 16")+SUMIFS(CHAUSSON!H$4:H$21,CHAUSSON!O$4:O$21,B15,CHAUSSON!P$4:P$21,"COCV LOISIRS")+SUMIFS(CHAUSSON!H$4:H$21,CHAUSSON!O$4:O$21,B15,CHAUSSON!P$4:P$21,"OUEST EVASION")+SUMIFS(CHAUSSON!H$4:H$21,CHAUSSON!O$4:O$21,B15,CHAUSSON!P$4:P$21,"ESPACE ET LIBERTE") -> 10000 | H15: =COUNTIFS(CHAUSSON!O$4:O$21,B15,CHAUSSON!P$4:P$21,"CECV")+COUNTIFS(CHAUSSON!O$4:O$21,B15,CHAUSSON!P$4:P$21,"COCV 17")+COUNTIFS(CHAUSSON!O$4:O$21,B15,CHAUSSON!P$4:P$21,"COCV 16")+COUNTIFS(CHAUSSON!O$4:O$21,B15,CHAUSSON!P$4:P$21,"COCV LOISIRS")+COUNTIFS(CHAUSSON!O$4:O$21,B15,CHAUSSON!P$4:P$21,"OUEST EVASION")+COUNTIFS(CHAUSSON!O$4:O$21,B15,CHAUSSON!P$4:P$21,"ESPACE ET LIBERTE") -> 1 | I15: =SUMIF(CHAUSSON!F$4:F$21,B15&"*",CHAUSSON!H$4:H$21) -> 30000 | J15: =COUNTIF(CHAUSSON!F$4:F$21,B15&"*") -> 3 | L15: ESPACE ET LIBERTE
A16: AVRIL | B16: =IF(A16="","",IFERROR(TEXT(MATCH(TRIM(A16),{"JANVIER";"FEVRIER";"MARS";"AVRIL";"MAI";"JUIN";"JUILLET";"AOUT";"SEPTEMBRE";"OCTOBRE";"NOVEMBRE";"DECEMBRE"},0),"00"),"")) -> 04 | D16: =SUMIFS(CHAUSSON!H$4:H$21,CHAUSSON!O$4:O$21,B16,CHAUSSON!P$4:P$21,NOT(CHAUSSON!P11:P28)="CECV") -> 0 | E16: =COUNTIF(CHAUSSON!O$4:O$21,B16) -> 0 | G16: =SUMIFS(CHAUSSON!H$4:H$21,CHAUSSON!O$4:O$21,B16,CHAUSSON!P$4:P$21,"CECV")+SUMIFS(CHAUSSON!H$4:H$21,CHAUSSON!O$4:O$21,B16,CHAUSSON!P$4:P$21,"COCV 17")+SUMIFS(CHAUSSON!H$4:H$21,CHAUSSON!O$4:O$21,B16,CHAUSSON!P$4:P$21,"COCV 16")+SUMIFS(CHAUSSON!H$4:H$21,CHAUSSON!O$4:O$21,B16,CHAUSSON!P$4:P$21,"COCV LOISIRS")+SUMIFS(CHAUSSON!H$4:H$21,CHAUSSON!O$4:O$21,B16,CHAUSSON!P$4:P$21,"OUEST EVASION")+SUMIFS(CHAUSSON!H$4:H$21,CHAUSSON!O$4:O$21,B16,CHAUSSON!P$4:P$21,"ESPACE ET LIBERTE") -> 0 | H16: =COUNTIFS(CHAUSSON!O$4:O$21,B16,CHAUSSON!P$4:P$21,"CECV")+COUNTIFS(CHAUSSON!O$4:O$21,B16,CHAUSSON!P$4:P$21,"COCV 17")+COUNTIFS(CHAUSSON!O$4:O$21,B16,CHAUSSON!P$4:P$21,"COCV 16")+COUNTIFS(CHAUSSON!O$4:O$21,B16,CHAUSSON!P$4:P$21,"COCV LOISIRS")+COUNTIFS(CHAUSSON!O$4:O$21,B16,CHAUSSON!P$4:P$21,"OUEST EVASION")+COUNTIFS(CHAUSSON!O$4:O$21,B16,CHAUSSON!P$4:P$21,"ESPACE ET LIBERTE") -> 0 | I16: =SUMIF(CHAUSSON!F$4:F$21,B16&"*",CHAUSSON!H$4:H$21) -> 0 | J16: =COUNTIF(CHAUSSON!F$4:F$21,B16&"*") -> 0
A17: MAI | B17: =IF(A17="","",IFERROR(TEXT(MATCH(TRIM(A17),{"JANVIER";"FEVRIER";"MARS";"AVRIL";"MAI";"JUIN";"JUILLET";"AOUT";"SEPTEMBRE";"OCTOBRE";"NOVEMBRE";"DECEMBRE"},0),"00"),"")) -> 05 | D17: =SUMIFS(CHAUSSON!H$4:H$21,CHAUSSON!O$4:O$21,B17,CHAUSSON!P$4:P$21,NOT(CHAUSSON!P12:P29)="CECV") -> 0 | E17: =COUNTIF(CHAUSSON!O$4:O$21,B17) -> 0 | G17: =SUMIFS(CHAUSSON!H$4:H$21,CHAUSSON!O$4:O$21,B17,CHAUSSON!P$4:P$21,"CECV")+SUMIFS(CHAUSSON!H$4:H$21,CHAUSSON!O$4:O$21,B17,CHAUSSON!P$4:P$21,"COCV 17")+SUMIFS(CHAUSSON!H$4:H$21,CHAUSSON!O$4:O$21,B17,CHAUSSON!P$4:P$21,"COCV 16")+SUMIFS(CHAUSSON!H$4:H$21,CHAUSSON!O$4:O$21,B17,CHAUSSON!P$4:P$21,"COCV LOISIRS")+SUMIFS(CHAUSSON!H$4:H$21,CHAUSSON!O$4:O$21,B17,CHAUSSON!P$4:P$21,"OUEST EVASION")+SUMIFS(CHAUSSON!H$4:H$21,CHAUSSON!O$4:O$21,B17,CHAUSSON!P$4:P$21,"ESPACE ET LIBERTE") -> 0 | H17: =COUNTIFS(CHAUSSON!O$4:O$21,B17,CHAUSSON!P$4:P$21,"CECV")+COUNTIFS(CHAUSSON!O$4:O$21,B17,CHAUSSON!P$4:P$21,"COCV 17")+COUNTIFS(CHAUSSON!O$4:O$21,B17,CHAUSSON!P$4:P$21,"COCV 16")+COUNTIFS(CHAUSSON!O$4:O$21,B17,CHAUSSON!P$4:P$21,"COCV LOISIRS")+COUNTIFS(CHAUSSON!O$4:O$21,B17,CHAUSSON!P$4:P$21,"OUEST EVASION")+COUNTIFS(CHAUSSON!O$4:O$21,B17,CHAUSSON!P$4:P$21,"ESPACE ET LIBERTE") -> 0 | I17: =SUMIF(CHAUSSON!F$4:F$21,B17&"*",CHAUSSON!H$4:H$21) -> 0 | J17: =COUNTIF(CHAUSSON!F$4:F$21,B17&"*") -> 0
A18: JUIN | B18: =IF(A18="","",IFERROR(TEXT(MATCH(TRIM(A18),{"JANVIER";"FEVRIER";"MARS";"AVRIL";"MAI";"JUIN";"JUILLET";"AOUT";"SEPTEMBRE";"OCTOBRE";"NOVEMBRE";"DECEMBRE"},0),"00"),"")) -> 06 | D18: =SUMIFS(CHAUSSON!H$4:H$21,CHAUSSON!O$4:O$21,B18,CHAUSSON!P$4:P$21,NOT(CHAUSSON!P13:P30)="CECV") -> 0 | E18: =COUNTIF(CHAUSSON!O$4:O$21,B18) -> 0 | G18: =SUMIFS(CHAUSSON!H$4:H$21,CHAUSSON!O$4:O$21,B18,CHAUSSON!P$4:P$21,"CECV")+SUMIFS(CHAUSSON!H$4:H$21,CHAUSSON!O$4:O$21,B18,CHAUSSON!P$4:P$21,"COCV 17")+SUMIFS(CHAUSSON!H$4:H$21,CHAUSSON!O$4:O$21,B18,CHAUSSON!P$4:P$21,"COCV 16")+SUMIFS(CHAUSSON!H$4:H$21,CHAUSSON!O$4:O$21,B18,CHAUSSON!P$4:P$21,"COCV LOISIRS")+SUMIFS(CHAUSSON!H$4:H$21,CHAUSSON!O$4:O$21,B18,CHAUSSON!P$4:P$21,"OUEST EVASION")+SUMIFS(CHAUSSON!H$4:H$21,CHAUSSON!O$4:O$21,B18,CHAUSSON!P$4:P$21,"ESPACE ET LIBERTE") -> 0 | H18: =COUNTIFS(CHAUSSON!O$4:O$21,B18,CHAUSSON!P$4:P$21,"CECV")+COUNTIFS(CHAUSSON!O$4:O$21,B18,CHAUSSON!P$4:P$21,"COCV 17")+COUNTIFS(CHAUSSON!O$4:O$21,B18,CHAUSSON!P$4:P$21,"COCV 16")+COUNTIFS(CHAUSSON!O$4:O$21,B18,CHAUSSON!P$4:P$21,"COCV LOISIRS")+COUNTIFS(CHAUSSON!O$4:O$21,B18,CHAUSSON!P$4:P$21,"OUEST EVASION")+COUNTIFS(CHAUSSON!O$4:O$21,B18,CHAUSSON!P$4:P$21,"ESPACE ET LIBERTE") -> 0 | I18: =SUMIF(CHAUSSON!F$4:F$21,B18&"*",CHAUSSON!H$4:H$21) -> 0 | J18: =COUNTIF(CHAUSSON!F$4:F$21,B18&"*") -> 0
A19: JUILLET | B19: =IF(A19="","",IFERROR(TEXT(MATCH(TRIM(A19),{"JANVIER";"FEVRIER";"MARS";"AVRIL";"MAI";"JUIN";"JUILLET";"AOUT";"SEPTEMBRE";"OCTOBRE";"NOVEMBRE";"DECEMBRE"},0),"00"),"")) -> 07 | D19: =SUMIFS(CHAUSSON!H$4:H$21,CHAUSSON!O$4:O$21,B19,CHAUSSON!P$4:P$21,NOT(CHAUSSON!P14:P31)="CECV") -> 0 | E19: =COUNTIF(CHAUSSON!O$4:O$21,B19) -> 0 | G19: =SUMIFS(CHAUSSON!H$4:H$21,CHAUSSON!O$4:O$21,B19,CHAUSSON!P$4:P$21,"CECV")+SUMIFS(CHAUSSON!H$4:H$21,CHAUSSON!O$4:O$21,B19,CHAUSSON!P$4:P$21,"COCV 17")+SUMIFS(CHAUSSON!H$4:H$21,CHAUSSON!O$4:O$21,B19,CHAUSSON!P$4:P$21,"COCV 16")+SUMIFS(CHAUSSON!H$4:H$21,CHAUSSON!O$4:O$21,B19,CHAUSSON!P$4:P$21,"COCV LOISIRS")+SUMIFS(CHAUSSON!H$4:H$21,CHAUSSON!O$4:O$21,B19,CHAUSSON!P$4:P$21,"OUEST EVASION")+SUMIFS(CHAUSSON!H$4:H$21,CHAUSSON!O$4:O$21,B19,CHAUSSON!P$4:P$21,"ESPACE ET LIBERTE") -> 0 | H19: =COUNTIFS(CHAUSSON!O$4:O$21,B19,CHAUSSON!P$4:P$21,"CECV")+COUNTIFS(CHAUSSON!O$4:O$21,B19,CHAUSSON!P$4:P$21,"COCV 17")+COUNTIFS(CHAUSSON!O$4:O$21,B19,CHAUSSON!P$4:P$21,"COCV 16")+COUNTIFS(CHAUSSON!O$4:O$21,B19,CHAUSSON!P$4:P$21,"COCV LOISIRS")+COUNTIFS(CHAUSSON!O$4:O$21,B19,CHAUSSON!P$4:P$21,"OUEST EVASION")+COUNTIFS(CHAUSSON!O$4:O$21,B19,CHAUSSON!P$4:P$21,"ESPACE ET LIBERTE") -> 0 | I19: =SUMIF(CHAUSSON!F$4:F$21,B19&"*",CHAUSSON!H$4:H$21) -> 0 | J19: =COUNTIF(CHAUSSON!F$4:F$21,B19&"*") -> 0
A20: AOUT | B20: =IF(A20="","",IFERROR(TEXT(MATCH(TRIM(A20),{"JANVIER";"FEVRIER";"MARS";"AVRIL";"MAI";"JUIN";"JUILLET";"AOUT";"SEPTEMBRE";"OCTOBRE";"NOVEMBRE";"DECEMBRE"},0),"00"),"")) -> 08 | D20: =SUMIFS(CHAUSSON!H$4:H$21,CHAUSSON!O$4:O$21,B20,CHAUSSON!P$4:P$21,NOT(CHAUSSON!P15:P32)="CECV") -> 0 | E20: =COUNTIF(CHAUSSON!O$4:O$21,B20) -> 0 | G20: =SUMIFS(CHAUSSON!H$4:H$21,CHAUSSON!O$4:O$21,B20,CHAUSSON!P$4:P$21,"CECV")+SUMIFS(CHAUSSON!H$4:H$21,CHAUSSON!O$4:O$21,B20,CHAUSSON!P$4:P$21,"COCV 17")+SUMIFS(CHAUSSON!H$4:H$21,CHAUSSON!O$4:O$21,B20,CHAUSSON!P$4:P$21,"COCV 16")+SUMIFS(CHAUSSON!H$4:H$21,CHAUSSON!O$4:O$21,B20,CHAUSSON!P$4:P$21,"COCV LOISIRS")+SUMIFS(CHAUSSON!H$4:H$21,CHAUSSON!O$4:O$21,B20,CHAUSSON!P$4:P$21,"OUEST EVASION")+SUMIFS(CHAUSSON!H$4:H$21,CHAUSSON!O$4:O$21,B20,CHAUSSON!P$4:P$21,"ESPACE ET LIBERTE") -> 0 | H20: =COUNTIFS(CHAUSSON!O$4:O$21,B20,CHAUSSON!P$4:P$21,"CECV")+COUNTIFS(CHAUSSON!O$4:O$21,B20,CHAUSSON!P$4:P$21,"COCV 17")+COUNTIFS(CHAUSSON!O$4:O$21,B20,CHAUSSON!P$4:P$21,"COCV 16")+COUNTIFS(CHAUSSON!O$4:O$21,B20,CHAUSSON!P$4:P$21,"COCV LOISIRS")+COUNTIFS(CHAUSSON!O$4:O$21,B20,CHAUSSON!P$4:P$21,"OUEST EVASION")+COUNTIFS(CHAUSSON!O$4:O$21,B20,CHAUSSON!P$4:P$21,"ESPACE ET LIBERTE") -> 0 | I20: =SUMIF(CHAUSSON!F$4:F$21,B20&"*",CHAUSSON!H$4:H$21) -> 0 | J20: =COUNTIF(CHAUSSON!F$4:F$21,B20&"*") -> 0
A21: TOTAUX | C21: =SUM(C9:C20) -> 0 | D21: =SUM(D9:D20) -> 0 | E21: =SUM(E9:E20) -> 8 | F21: =SUM(F9:F20) -> 0 | G21: =SUM(G9:G20) -> 70000 | H21: =SUM(H9:H20) -> 5 | I21: =SUM(I9:I20) -> 200000 | J21: =SUM(J9:J20) -> 17
C24: A contrôler avec compte comptable correspondant de la balance générale au 31 janvier 2009 | F24: A contrôler avec compte comptable correspondant de la balance générale au 31 janvier 2009 | I24: A contrôler avec compte comptable correspondant de la balance générale au 31 janvier 2009
D29: CONTROLE DES STOCKS EN PRIX D'ACHATS | E29: NB
F31: =C21+F21 -> 0
A33: STOCK INITIAL AU 1ER SEPTEMBRE 2017 | D33: 0 | E33: 0
A35: + ACHATS DE LA PERIODE | D35: =I21 -> 200000 | E35: =J21 -> 17
A37: - P.A VEHICULES VENDUS A CLIENTS | D37: =D21 -> 0 | E37: =E21 -> 8
A38: - P.A VEHICULES RETROCEDES | D38: =G21 -> 70000 | E38: =H21 -> 5
A39: STOCK FINAL AU 31 MARS 2018 | D39: =D33+D35-D37-D38 -> 130000 | E39: =E33+E35-E37-E38 -> 4
